 Dungeon Crawl Stone Soup version 0.24.0-13-gcf9b3192b9 (webtiles) character file.

Game seed: 254270602770902321, levelgen mode: deterministic

151401 inmateoo the Gnoll Aeon (level 17, -6/133 HPs)
             Began as a Gnoll Arcane Marksman on Nov 8, 2019.
             Was the Champion of Cheibriados.
             Mangled by a shambling mangrove (26 damage)
             ... on level 3 of the Swamp.
             The game lasted 01:21:24 (35991 turns).

inmateoo the Gnoll Aeon (Gnoll Arcane Marksman)    Turns: 35991, Time: 01:21:24

Health: -6/133     AC: 26    Str: 30    XL:     17   Next: 55%
Magic:  36/41      EV: 23    Int: 37    God:    Cheibriados [******]
Gold:   841        SH:  0    Dex: 33    Spells: 17/39 levels left

rFire    . . .     SeeInvis .   D - +4 scimitar (flame)
rCold    + . .     Gourm    .   (no shield)
rNeg     . . .     Faith    .   Q - +7 chain mail "Qedygoxu" {rElec rCorr MP+9}
rPois    .         Spirit   .   Y - +0 helmet
rElec    +         Reflect  .   T - scarf {cloud immunity}
rCorr    +         Harm     .   t - +2 pair of gloves
MR       +....                  Z - +1 pair of boots
Stlth    +++.......             y - amulet of the acrobat
HPRegen  1.32/turn              M - ring of protection from cold
MPRegen  0.27/turn              V - +4 ring of evasion

@: lethally poisoned (-6 -> -6), grasped by roots, regenerating (expiring),
constricted, very slow
A: distributed training, fangs 1, clever 1, strong 1, strong nose
a: Bend Time, Temporal Distortion, Slouch, Step From Time, Renounce Religion


You were on level 3 of the Swamp.
You worshipped Cheibriados.
Cheibriados was exalted by your worship.
You were full.

You visited 5 branches of the dungeon, and saw 28 of its levels.
You also visited: Ice Cave.

You collected 2506 gold pieces.
You spent 1665 gold pieces at shops.

Inventory:

Hand Weapons
 a - a +1 hand crossbow of freezing
 o - a +3 trident of piercing
 D - a +4 scimitar of flaming (weapon)
Missiles
 d - 124 bolts
 j - 9 javelins
 w - 15 boomerangs (quivered)
 U - a throwing net
Armour
 t - a +2 pair of gloves (worn)
 J - the +1 cloak of Sin {rF+}
   (You found it on level 4 of the Lair of Beasts)

   It protects you from fire.
 Q - the +7 chain mail "Qedygoxu" (worn) {rElec rCorr MP+9}
   (You found it on level 2 of the Lair of Beasts)

   It insulates you from electricity.
   It affects your magic capacity (+9).
   It provides partial protection from all sources of acid and corrosion.
 T - a scarf of cloud immunity (worn)
 W - the +0 cloak "Ysewn" {MP+9 Int+3 SInv}
   (You found it in an ice cave)

   It affects your intelligence (+3).
   It affects your magic capacity (+9).
   It lets you see invisible.
 X - the +2 ratskin cloak {+Rats rPois rN+ Str-1 Int-1 Dex+1}
   (You found it in an ice cave)

   It affects your strength (-1).
   It affects your intelligence (-1).
   It affects your dexterity (+1).
   It protects you from poison.
   It protects you from negative energy.
 Y - a +0 helmet (worn)
 Z - a +1 pair of boots (worn)
Jewellery
 h - an uncursed ring of protection from cold
 y - an amulet of the acrobat (around neck)
 G - an uncursed ring of see invisible
 H - an uncursed ring of fire
 K - an uncursed ring of flight
 M - a ring of protection from cold (left hand)
 V - a +4 ring of evasion (right hand)
Wands
 c - a wand of paralysis (24)
 E - a wand of iceblast (2)
 F - a wand of flame (32)
 I - a wand of polymorph (24)
 R - a wand of enslavement (5)
Scrolls
 e - 5 scrolls of enchant weapon
 i - 10 scrolls of remove curse
 k - 6 scrolls of teleportation
 p - 5 scrolls of magic mapping
 u - 3 scrolls of amnesia
 B - 16 scrolls of identify
 C - 3 scrolls of enchant armour
 L - 3 scrolls of fog
 O - 2 scrolls of blinking
 P - 2 scrolls of fear
Potions
 b - 4 potions of agility
 g - 8 potions of heal wounds
 l - 15 potions of curing
 m - a potion of might
 n - 7 potions of brilliance
 q - a potion of cancellation
 r - 5 potions of ambrosia
 s - a potion of invisibility
 x - a potion of magic
 z - 2 potions of flight
 A - 5 potions of mutation
Miscellaneous
 S - a lightning rod (4/4)
Comestibles
 f - 47 rations


   Skills:
 + Level 11.7 Fighting
 + Level 11.4 Short Blades
 + Level 11.4 Long Blades
 + Level 11.4 Axes
 + Level 11.4 Maces & Flails
 + Level 11.4 Polearms
 + Level 11.4 Staves
 + Level 11.4 Slings
 + Level 11.4 Bows
 + Level 12.2 Crossbows
 + Level 11.4 Throwing
 + Level 11.4 Armour
 + Level 12.2 Dodging
 + Level 11.4 Stealth
 + Level 11.4 Shields
 + Level 11.4 Unarmed Combat
 + Level 11.7 Spellcasting
 + Level 9.7 Conjurations
 + Level 11.1 Hexes
 + Level 9.7 Charms
 + Level 9.7 Summonings
 + Level 9.7 Necromancy
 + Level 9.7 Translocations
 + Level 9.7 Transmutations
 + Level 9.7 Fire Magic
 + Level 9.7 Ice Magic
 + Level 9.7 Air Magic
 + Level 9.7 Earth Magic
 + Level 9.7 Poison Magic
 + Level 12.3 Invocations
 + Level 11.4 Evocations


You had 17 spell levels left.
You knew the following spells:

 Your Spells              Type           Power        Failure   Level  Hunger
a - Regeneration          Chrm/Necr      #######...   1%          3    None
b - Shroud of Golubria    Chrm/Tloc      ######       1%          2    None
c - Slow                  Hex            #######.     1%          2    None
d - Airstrike             Air            #######...   1%          4    None
e - Apportation           Tloc           ######       1%          1    None
f - Blink                 Tloc           N/A          1%          2    None
g - Passage of Golubria   Tloc           N/A          1%          4    None
h - Portal Projectile     Hex/Tloc       ######       1%          3    None
i - Corona                Hex            #######      1%          1    None

Your spell library contained the following spells:

 Spells                   Type           Power        Failure   Level  Hunger
 Infusion                 Chrm           ####         1%          1    None
 Shock                    Conj/Air       ####         1%          1    None
 Summon Butterflies       Summ           #######.     1%          1    None
 Song of Slaying          Chrm           #######.     1%          2    None
 Swiftness                Chrm/Air       #######.     1%          2    None
 Gell's Gravitas          Tloc           #######...   1%          3    None
 Inner Flame              Hex/Fire       #######.     1%          3    None
 Lesser Beckoning         Tloc           #######...   1%          3    None
 Spectral Weapon          Hex/Chrm       #######.     1%          3    None
 Static Discharge         Conj/Air       #######.     1%          3    None
 Teleport Other           Tloc           #######.     1%          3    None
 Tukima's Dance           Hex            #######.     1%          3    None
 Cause Fear               Hex            #######...   1%          4    None
 Leda's Liquefaction      Hex/Erth       #######...   1%          4    None
 Alistair's Intoxication  Tmut/Pois      #######.     3%          5    None
 Bolt of Magma            Conj/Fire/Erth #######...   3%          5    None
 Iskenderun's Battlesphe  Conj/Chrm      #######.     3%          5    None
 Lightning Bolt           Conj/Air       #######...   3%          5    None
 Venom Bolt               Conj/Pois      #######...   3%          5    None
 Invisibility             Hex            #######.     11%         6    ###....
 Iron Shot                Conj/Erth      #######...   19%         6    ###....
 Orb of Destruction       Conj           #######...   71%         7    #####..
 Spellforged Servitor     Conj/Summ      #######...   71%         7    #####..


Dungeon Overview and Level Annotations

Branches:
Dungeon (15/15)            Temple (1/1) D:4            Lair (6/6) D:10
  Swamp (4/4) Lair:2       Spider (0/4) Lair:3        Slime (0/5) Lair:6
    Orc (2/2) D:12            Elf (0/3) Orc:2        Vaults (0/5) D:13
  IceCv (visited)
 Depths: D:15

Altars:
Ashenzari
Cheibriados
Dithmenos
Elyvilon
Fedhas
Gozag
Hepliaklqana
Kikubaaqudgha
Makhleb
Nemelex Xobeh
Okawaru
Qazlal
Ru
Sif Muna
Trog
Uskayaw
Vehumet
Wu Jian
Xom
Yredelemnul
Zin
The Shining One
Beogh

Shops:
D:9 !   D:12 [   Orc:2 *:[(

Annotations:
D:14 exclusion: 6 doors, Snorg
D:15 exclusion: door
Lair:6 Rupert


Innate Abilities, Weirdness & Mutations

Your experience applies equally to all skills.
You have very sharp teeth.
Your uncanny sense of smell can sniff out nearby items.
Your mind is acute. (Int +2)
Your muscles are strong. (Str +2)


Message History

Okay, then.
Okay, then.
You hit the shambling mangrove. You burn the shambling mangrove.
The shambling mangrove is severely damaged.
Your skin is crawling a little less now.
You feel sick. The shambling mangrove misses you.
* * * LOW HITPOINT WARNING * * *
The grasping roots constrict you!
A large slime creature splits.
Unknown command.
Unknown command.
You can feel time thicken for a moment.
You kill the spiny frog!
Cheibriados appreciates the change of pace.
You feel somewhat less full.
You feel sick. The slime creature closely misses you.
You riposte.
You slash the slime creature! You burn the slime creature.
You bite the slime creature.
The slime creature is heavily wounded.
The shambling mangrove hits you!!
You die...

≈≈≈...♣.≈≈≈♣≈..≈≈≈≈.≈≈≈≈.♣
≈≈≈≈≈≈≈≈≈..≈.≈.≈≈≈≈.≈≈≈§.♣♣
≈≈≈≈≈.≈....♣[.≈≈≈≈≈≈≈≈≈≈.≈♣
≈≈...≈♣♣..≈.§≈≈≈≈≈≈≈≈≈≈≈≈.♣
≈..♣♣♣♣♣≈.(≈≈≈≈≈.≈≈..≈≈≈≈.♣
...≈♣ ♣♣≈.≈≈≈...≈..≈..≈≈♣♣
...♣♣ ♣♣......≈♣♣♣♣♣♣≈...♣
≈..≈♣ ♣≈≈≈≈.§≈÷♣♣♣ ♣..≈≈♣
≈..≈♣ ♣≈≈≈≈...>f@♣♣♣♣♣♣♣♣♣
≈.♣♣♣ ♣≈≈≈≈.♣.≈JJ..♣♣ ≈.♣
♣♣....≈♣..≈≈≈.≈♣ ≈♣♣♣
♣...≈.....≈≈≈.≈♣ ...♣
♣≈≈≈≈≈≈≈≈≈≈≈.÷♣♣
≈≈≈♣♣♣.≈≈≈≈≈≈.≈...>≈♣
≈.♣♣♣.≈≈≈≈≈≈.......♣♣
♣♣♣♣≈....≈≈..≈♣≈≈≈♣♣
♣♣♣♣♣♣..≈.≈♣≈≈.♣


You could see a shambling mangrove and 2 slime creatures.

Vanquished Creatures
  An Ice Fiend (IceCv)
  A sphinx (D:10)
  A thorn hunter (Swamp:3)
  A frost giant (D:10)
  2 orc warlords (Orc:2)
  Aizul (Swamp:2)
  2 stone giants
  The ghost of Matador8 the Fighter, a journeyman DrFE of Hepliaklqana (Lair:4)
  Josephine (D:12)
  A fire dragon (D:14)
  2 shambling mangroves (Swamp:2)
  Fannar (D:12)
  4 vault guards (D:13)
  18 hydras
  2 ghost crabs
  A catoblepas (Lair:6)
  3 two-headed ogres
  3 centaur warriors (D:14)
  11 alligators
  A deep troll shaman (Lair:6)
  An orc high priest (Orc:2)
  16 death yaks
  A tengu warrior (D:14)
  Urug (Orc:2)
  Nergalle (Orc:2)
  5 skeletal warriors
  4 unseen horrors
  A spriggan druid (Swamp:4)
  11 swamp dragons
  A lindwurm (Lair:6)
  A deep elf archer (D:10)
  3 orc knights (Orc:2)
  8 ugly things
  3 deep elf magi
  2 cyclopes
  A manticore (D:14)
  3 orc sorcerers (Orc:2)
  4 oklob plants (Lair:4)
  2 wolf spiders (Lair:3)
  11 elephants
  A guardian serpent (D:11)
  3 centaur zombies
  2 black mambas
  3 gargoyles
  A kobold demonologist (D:15)
  4 ice statues (IceCv)
  11 komodo dragons
  15 spiny frogs
  3 freezing wraiths (Swamp:3)
  3 demonic crawlers (D:14)
  2 efreet (D:13)
  4 anaconda simulacra (IceCv)
  10 ice devils (IceCv)
  A tengu conjurer (D:14)
  A jumping spider (Lair:3)
  9 tyrant leeches
  8 trolls
  A polar bear (Lair:6)
  4 hornets
  Prince Ribbit (D:8)
  6 bog bodies
  2 wind drakes
  4 blink frogs (Swamp:2)
  A blink frog (shapeshifter) (D:11)
  8 hippogriffs
  7 slime creatures
  5 dream sheep (Lair:5)
  3 spriggans
  46 yaks
  A spriggan (shapeshifter) (D:14)
  5 shadows
  6 wyverns
  4 vampires
  A redback (Lair:3)
  A human (shapeshifter) (D:15)
  6 wraiths
  4 hungry ghosts
  Grum (D:8)
  A dire elephant simulacrum (IceCv)
  2 basilisks
  A steam dragon (D:7)
  23 vampire mosquitoes
  4 wargs
  A harpy simulacrum (IceCv)
  2 iron troll simulacra (IceCv)
  11 swamp worms
  An insubstantial wisp (Swamp:3)
  4 acid dragons
  A warg (shapeshifter) (D:14)
  A soldier ant (D:11)
  9 porcupines
  8 water moccasins
  An ice beast (D:14)
  5 swamp drakes
  4 phantoms
  A hornet zombie (D:11)
  2 ettin simulacra (IceCv)
  2 eyes of draining
  A black bear (D:10)
  41 orc warriors
  3 sky beasts
  23 wolves
  15 ogres
  4 centaurs
  19 crocodiles
  17 bullfrogs
  A wyvern skeleton (D:14)
  A hornet simulacrum (D:14)
  5 scorpions
  15 killer bees
  9 wights
  4 howler monkeys
  4 electric eels
  7 crimson imps
  16 jellies
  5 bullfrog zombies
  6 hounds
  15 orc priests
  A bullfrog skeleton (D:10)
  A quasit (D:11)
  8 centaur skeletons
  4 iguanas
  29 orc wizards
  9 worker ants
  A hound zombie (D:8)
  A worker ant zombie (D:6)
  18 gnolls
  11 adders
  6 shadow imps
  4 oozes
  An adder zombie (D:7)
  4 worms
  4 dart slugs
  5 leopard geckos
  97 orcs
  6 bats
  4 giant cockroaches
  10 goblins
  9 hobgoblins
  5 quokkas
  A ball python (D:3)
  6 frilled lizards
  9 kobolds
  A leopard gecko skeleton (D:5)
  4 rats
  A fungus (D:10)
  2 plants
893 creatures vanquished.

Vanquished Creatures (collateral kills)
  Nikola (Swamp:3)
  A ghost crab (Swamp:3)
  A death knight (D:14)
  A swamp dragon (Swamp:3)
  3 slime creatures (Swamp:2)
  A yaktaur (shapeshifter) (D:13)
  2 hornets (Swamp:3)
  2 tyrant leeches (Swamp:2)
  2 spriggans (Swamp:3)
  8 insubstantial wisps (Swamp:3)
  A centaur (D:7)
  An orc priest (D:8)
  A hound (D:7)
  A centaur skeleton (D:8)
  A shadow imp (D:7)
  2 orcs (D:8)
29 creatures vanquished.

Vanquished Creatures (others)
  A spriggan (Swamp:3)
  A swamp dragon (Swamp:3)
  A hornet (Swamp:3)
  A tyrant leech (Swamp:3)
  A shadow (D:11)
  2 vampire mosquitoes (Swamp:3)
  Menkaure (D:7)
  A hound (D:13)
  An orc (D:8)
  2 briar patches (Swamp:4)
  A bush (Lair:6)
  11 fungi
  4 plants
28 creatures vanquished.

Grand Total: 950 creatures vanquished

Notes
Turn   | Place    | Note
-------+----------+-------------------------------------------
     0 | D:1      | inmateoo the Gnoll Arcane Marksman began the quest for the
                  | Orb.
     0 | D:1      | Reached XP level 1. HP: 17/17 MP: 4/4
   431 | D:1      | Reached XP level 2. HP: 21/23 MP: 5/5
   613 | D:1      | Learned a level 2 spell: Slow
  1124 | D:1      | Reached XP level 3. HP: 23/28 MP: 7/7
  1586 | D:2      | Found a faded altar of an unknown god.
  1729 | D:2      | Learned a level 3 spell: Portal Projectile
  1744 | D:2      | Reached skill level 1 in Invocations
  1862 | D:2      | Found a sparkling altar of Nemelex Xobeh.
  1972 | D:2      | Reached skill level 1 in Short Blades
  1972 | D:2      | Reached skill level 1 in Long Blades
  1972 | D:2      | Reached skill level 1 in Axes
  1972 | D:2      | Reached skill level 1 in Maces & Flails
  1972 | D:2      | Reached skill level 1 in Polearms
  1972 | D:2      | Reached skill level 1 in Staves
  1972 | D:2      | Reached skill level 1 in Slings
  1972 | D:2      | Reached skill level 1 in Bows
  1972 | D:2      | Reached skill level 1 in Throwing
  1972 | D:2      | Reached skill level 1 in Armour
  1972 | D:2      | Reached skill level 1 in Stealth
  1972 | D:2      | Reached skill level 1 in Shields
  1972 | D:2      | Reached skill level 1 in Unarmed Combat
  1972 | D:2      | Reached skill level 1 in Evocations
  2007 | D:2      | Reached XP level 4. HP: 28/34 MP: 8/8
  2008 | D:2      | You fall into a shaft and drop 1 floor!
  2643 | D:3      | You fall into a shaft and drop 2 floors!
  2643 | D:5      | Entered Level 5 of the Dungeon
  2694 | D:5      | Noticed an ogre
  2720 | D:4      | Reached skill level 1 in Conjurations
  2720 | D:4      | Reached skill level 1 in Charms
  2720 | D:4      | Reached skill level 1 in Summonings
  2720 | D:4      | Reached skill level 1 in Necromancy
  2720 | D:4      | Reached skill level 1 in Translocations
  2720 | D:4      | Reached skill level 1 in Transmutations
  2720 | D:4      | Reached skill level 1 in Fire Magic
  2720 | D:4      | Reached skill level 1 in Ice Magic
  2720 | D:4      | Reached skill level 1 in Air Magic
  2720 | D:4      | Reached skill level 1 in Earth Magic
  2720 | D:4      | Reached skill level 1 in Poison Magic
  2720 | D:4      | HP: 1/34 [dart slug/slug dart (4)]
  2742 | D:4      | Reached XP level 5. HP: 4/40 MP: 9/9
  3207 | D:4      | Found a burning altar of Makhleb.
  3209 | D:4      | Found a radiant altar of Vehumet.
  3371 | D:4      | Reached XP level 6. HP: 35/47 MP: 3/10
  3640 | D:4      | Found a shimmering blue altar of Sif Muna.
  3798 | D:4      | Noticed a sky beast
  3827 | D:4      | Killed a sky beast
  3827 | D:4      | Reached skill level 5 in Crossbows
  3827 | D:4      | Reached skill level 5 in Dodging
  3971 | D:4      | Reached XP level 7. HP: 45/52 MP: 12/12
  4360 | D:4      | Found a staircase to the Ecumenical Temple.
  4506 | Temple   | Entered the Ecumenical Temple
  4513 | Temple   | Became a worshipper of Cheibriados the Contemplative
  5423 | D:2      | Reached * piety under Cheibriados
  5450 | D:2      | Found a shattered altar of Ashenzari.
  6282 | D:5      | Reached XP level 8. HP: 45/60 MP: 12/14
  6728 | D:5      | Found an ancient bone altar of Kikubaaqudgha.
  6728 | D:5      | Found a hazy altar of Hepliaklqana.
  6730 | D:5      | Found a hide-covered altar of Uskayaw.
  7066 | D:6      | Found Zin's Purification Station.
  7072 | D:6      | Found a glowing silver altar of Zin.
  7075 | D:6      | Bought a potion of curing for 90 gold pieces
  7234 | D:6      | Reached ** piety under Cheibriados
  7787 | D:7      | Noticed Menkaure
  7801 | D:7      | Your ally died
  7834 | D:7      | Noticed a troll
  7860 | D:7      | Killed a troll
  7860 | D:7      | Reached XP level 9. HP: 62/66 MP: 13/16
  8027 | D:7      | Reached *** piety under Cheibriados
  8031 | D:7      | Reached skill level 5 in Spellcasting
  8110 | D:7      | Found a shimmering altar of Xom.
  8137 | D:7      | Reached skill level 5 in Fighting
  8566 | D:8      | Noticed Prince Ribbit
  8604 | D:8      | Killed Prince Ribbit
  8905 | D:8      | Reached skill level 5 in Invocations
  8921 | D:8      | Noticed a two-headed ogre
  8939 | D:8      | Killed a two-headed ogre
  8939 | D:8      | Reached XP level 10. HP: 75/75 MP: 13/18
  9125 | D:8      | Reached **** piety under Cheibriados
  9159 | D:8      | Reached skill level 5 in Short Blades
  9159 | D:8      | Reached skill level 5 in Long Blades
  9159 | D:8      | Reached skill level 5 in Axes
  9159 | D:8      | Reached skill level 5 in Maces & Flails
  9159 | D:8      | Reached skill level 5 in Polearms
  9159 | D:8      | Reached skill level 5 in Staves
  9159 | D:8      | Reached skill level 5 in Slings
  9159 | D:8      | Reached skill level 5 in Bows
  9159 | D:8      | Reached skill level 5 in Throwing
  9159 | D:8      | Reached skill level 5 in Armour
  9159 | D:8      | Reached skill level 5 in Stealth
  9159 | D:8      | Reached skill level 5 in Shields
  9159 | D:8      | Reached skill level 5 in Unarmed Combat
  9159 | D:8      | Reached skill level 5 in Evocations
  9181 | D:8      | Noticed Grum
  9312 | D:8      | Killed Grum
  9685 | D:8      | You fall into a shaft and drop 1 floor!
 10228 | D:9      | Noticed a two-headed ogre
 10247 | D:9      | Killed a two-headed ogre
 10496 | D:9      | Found Ettece's Distillery.
 10520 | D:9      | Bought a potion of heal wounds for 50 gold pieces
 10520 | D:9      | Bought a potion of heal wounds for 50 gold pieces
 10520 | D:9      | Bought a potion of curing for 30 gold pieces
 10520 | D:9      | Bought a potion of curing for 30 gold pieces
 10520 | D:9      | Bought a potion of mutation for 80 gold pieces
 10725 | D:9      | Found a stormy altar of Qazlal.
 10749 | D:10     | Entered Level 10 of the Dungeon
 10960 | D:10     | Reached XP level 11. HP: 68/82 MP: 18/20
 11167 | D:10     | Reached ***** piety under Cheibriados
 11420 | D:10     | Found a staircase to the Lair.
 11499 | D:10     | Found a runed translucent door.
 11505 | D:10     | Noticed a sphinx
 11607 | D:10     | Found an ancient bone altar of Kikubaaqudgha.
 11791 | D:11     | Reached skill level 5 in Conjurations
 11791 | D:11     | Reached skill level 5 in Charms
 11791 | D:11     | Reached skill level 5 in Summonings
 11791 | D:11     | Reached skill level 5 in Necromancy
 11791 | D:11     | Reached skill level 5 in Translocations
 11791 | D:11     | Reached skill level 5 in Transmutations
 11791 | D:11     | Reached skill level 5 in Fire Magic
 11791 | D:11     | Reached skill level 5 in Ice Magic
 11791 | D:11     | Reached skill level 5 in Air Magic
 11791 | D:11     | Reached skill level 5 in Earth Magic
 11791 | D:11     | Reached skill level 5 in Poison Magic
 11889 | D:11     | Noticed a two-headed ogre
 11927 | D:11     | Killed a two-headed ogre
 12314 | D:11     | Noticed Psyche
 12318 | D:11     | Noticed Psyche
 12318 | D:11     | Psyche changed into Psyche the wind drake
 12331 | D:11     | Killed Psyche the wind drake
 12388 | D:11     | Noticed a brown ugly thing
 12406 | D:11     | Killed a brown ugly thing
 12460 | D:11     | Noticed Sonja
 12461 | D:11     | Noticed Sonja
 12461 | D:11     | Sonja changed into Sonja the shapeshifter
 12462 | D:11     | Noticed Sonja
 12462 | D:11     | Sonja the shapeshifter changed into Sonja the blink frog
 12479 | D:11     | Killed Sonja the blink frog
 12633 | D:11     | Found an iron altar of Okawaru.
 12925 | D:11     | Learned a level 4 spell: Airstrike
 13067 | D:12     | Found a shimmering blue altar of Sif Muna.
 13077 | D:12     | Noticed a purple ugly thing
 13088 | D:12     | Killed a purple ugly thing
 13110 | D:12     | Noticed Josephine
 13163 | D:12     | Found Hoem's Armour Shop.
 13163 | D:12     | Found a staircase to the Orcish Mines.
 13345 | D:12     | Noticed an unseen horror
 13353 | D:12     | Killed an unseen horror
 13476 | D:12     | Killed Josephine
 13476 | D:12     | Reached XP level 12. HP: 71/91 MP: 19/23
 13544 | D:12     | Noticed Fannar
 13582 | D:12     | Killed Fannar
 14259 | D:13     | Found a gate to the Vaults.
 14259 | D:13     | Noticed a vault guard
 14259 | D:13     | Noticed a vault guard
 14259 | D:13     | Noticed a vault guard
 14614 | D:13     | Reached ****** piety under Cheibriados
 14913 | D:13     | Killed a vault guard
 15133 | D:13     | Killed a vault guard
 15717 | D:13     | Killed a vault guard
 15772 | D:13     | Noticed a vault guard
 15786 | D:13     | Killed a vault guard
 15869 | D:13     | Killed an unseen horror
 15869 | D:13     | Reached XP level 13. HP: 79/98 MP: 25/25
 16580 | D:14     | Noticed a fire dragon
 17057 | D:14     | Noticed Snorg
 17585 | D:14     | Got an iridescent falchion
 17586 | D:14     | Identified the +5 falchion of Bokh {slice, rC+ Int+2 Dex+4}
                  | (You found it on level 14 of the Dungeon)
 17654 | D:14     | Noticed a fire dragon
 17667 | D:14     | Killed a fire dragon
 18443 | D:14     | Got a slimy quarterstaff
 18444 | D:14     | Identified the +6 quarterstaff of Gozag {holy, *Contam
                  | rPois rN++ SInv} (You found it on level 14 of the Dungeon)
 18471 | D:14     | Gained mutation: Your magical capacity is low. (-10% MP)
                  | [mutagenic glow]
 18485 | D:14     | Lost mutation: Your magical capacity is low. (-10% MP)
                  | [potion of mutation]
 18485 | D:14     | Gained mutation: Your mind is acute. (Int +2) [potion of
                  | mutation]
 18485 | D:14     | Gained mutation: Your muscles are strong. (Str +2) [potion
                  | of mutation]
 18698 | D:14     | Reached XP level 14. HP: 94/108 MP: 27/27
 19089 | D:15     | Entered Level 15 of the Dungeon
 19853 | D:15     | Found a hazy altar of Hepliaklqana.
 20184 | D:15     | Reached skill level 10 in Crossbows
 20184 | D:15     | Reached skill level 10 in Dodging
 20511 | Lair:1   | Entered Level 1 of the Lair of Beasts
 20589 | Lair:1   | You fall into a shaft and drop 1 floor!
 20946 | Lair:2   | Found a staircase to the Swamp.
 21194 | Lair:2   | Got a jasper-encrusted chain mail
 21212 | Lair:2   | Identified the +7 chain mail "Qedygoxu" {rElec rCorr MP+9}
                  | (You found it on level 2 of the Lair of Beasts)
 21672 | Lair:3   | Found a hole to the Spider Nest.
 22539 | Lair:3   | Reached skill level 10 in Invocations
 22924 | Lair:1   | Noticed Erica
 22927 | Lair:1   | Noticed Erica
 22927 | Lair:1   | Erica changed into Erica the wind drake
 22933 | Lair:1   | Killed Erica the wind drake
 23429 | Lair:1   | Found a bloodstained altar of Trog.
 24069 | Lair:4   | Reached XP level 15. HP: 83/115 MP: 28/28
 24101 | Lair:4   | Reached skill level 10 in Spellcasting
 24452 | Lair:4   | Reached skill level 10 in Fighting
 24681 | Lair:4   | Got a dazzling cloak
 24694 | Lair:4   | Identified the +1 cloak of Sin {rF+} (You found it on level
                  | 4 of the Lair of Beasts)
 24854 | Lair:4   | Noticed Matador8's ghost (journeyman DrFE)
 24857 | Lair:4   | Found a runed translucent door.
 26164 | Lair:6   | Entered Level 6 of the Lair of Beasts
 26653 | Lair:6   | Noticed Rupert
 26672 | Lair:6   | Learned a level 1 spell: Apportation
 26747 | Lair:6   | Found a staircase to the Slime Pits.
 26753 | Lair:6   | Reached skill level 10 in Hexes
 27058 | Lair:6   | Reached skill level 10 in Short Blades
 27058 | Lair:6   | Reached skill level 10 in Long Blades
 27058 | Lair:6   | Reached skill level 10 in Axes
 27058 | Lair:6   | Reached skill level 10 in Maces & Flails
 27058 | Lair:6   | Reached skill level 10 in Polearms
 27058 | Lair:6   | Reached skill level 10 in Staves
 27058 | Lair:6   | Reached skill level 10 in Slings
 27058 | Lair:6   | Reached skill level 10 in Bows
 27058 | Lair:6   | Reached skill level 10 in Throwing
 27058 | Lair:6   | Reached skill level 10 in Armour
 27058 | Lair:6   | Reached skill level 10 in Stealth
 27058 | Lair:6   | Reached skill level 10 in Shields
 27058 | Lair:6   | Reached skill level 10 in Unarmed Combat
 27058 | Lair:6   | Reached skill level 10 in Evocations
 28003 | Lair:4   | Killed Matador8's ghost
 28203 | D:10     | Killed a sphinx
 28224 | D:10     | Noticed a frost giant
 28230 | D:10     | Killed a frost giant
 28402 | D:10     | Identified the +1 robe of the Manifold Cities {*Slow rElec
                  | rPois Stlth+} (You found it on level 10 of the Dungeon)
 28465 | Orc:1    | Entered Level 1 of the Orcish Mines
 28920 | Orc:2    | Entered Level 2 of the Orcish Mines
 29107 | Orc:2    | Found a staircase to the Elven Halls.
 29136 | Orc:2    | Found a roughly hewn altar of Beogh.
 29155 | Orc:2    | Noticed an orc warlord
 29167 | Orc:2    | Killed an orc warlord
 29167 | Orc:2    | Reached XP level 16. HP: 88/124 MP: 30/30
 29885 | Orc:2    | Noticed Nergalle
 29891 | Orc:2    | Killed Nergalle
 30227 | Orc:2    | Found a roughly hewn altar of Beogh.
 30470 | Orc:2    | Found Cong's Antique Armour Boutique.
 30494 | Orc:2    | Found Ycacuf's Antique Weapon Boutique.
 30512 | Orc:2    | Found Xaelun's Book Boutique.
 30551 | Orc:2    | Bought a pair of glowing boots for 165 gold pieces
 30645 | Orc:2    | Noticed Urug
 30663 | Orc:2    | Killed Urug
 30808 | Orc:2    | Found Dofahetz's General Store.
 30926 | Orc:2    | Bought a book of Spatial Translocations for 1170 gold
                  | pieces
 30929 | Orc:2    | Learned a level 2 spell: Blink
 30934 | Orc:2    | Learned a level 4 spell: Passage of Golubria
 30937 | Orc:2    | Learned a level 2 spell: Shroud of Golubria
 31132 | Swamp:1  | Entered Level 1 of the Swamp
 31661 | Swamp:1  | Learned a level 3 spell: Regeneration
 31958 | Swamp:2  | Noticed Aizul
 31980 | Swamp:2  | Killed Aizul
 33584 | Swamp:3  | Noticed Nikola
 33596 | Swamp:3  | Killed Nikola
 33662 | Swamp:3  | Found a frozen archway.
 33672 | IceCv    | Entered an ice cave
 33934 | IceCv    | Reached XP level 17. HP: 122/131 MP: 32/32
 33976 | IceCv    | Noticed an Ice Fiend
 33977 | IceCv    | Found the +2 ratskin cloak {+Rats rPois rN+ Str-1 Int-1
                  | Dex+1}
 33983 | IceCv    | Killed an Ice Fiend
 34001 | IceCv    | Got a faintly humming cloak
 34012 | IceCv    | Identified the cursed +0 cloak "Ysewn" {MP+9 Int+3 SInv}
                  | (You found it in an ice cave)
 35366 | Swamp:4  | Entered Level 4 of the Swamp
 35387 | Swamp:4  | Found the +7 Kryia's mail coat {PotionHeal*2 rC+}
 35991 | Swamp:3  | Mangled by a shambling mangrove

Levels and vault maps discovered:
D:1:      mrwooster_arrival_statue_3, layout_loops_ring
D:2:      layout_loops_corners, lemuel_doored_altar, evilmike_ruin_ashenzari,
          chequers_ecumenical_altar_simple
D:3:      layout_basic
D:4:      layout_basic, grunt_temple_overflow_lords_of_destruction,
          lemuel_blue_sif_altar, minmay_temple_entry_crystal_x, first_ration
D:5:      layout_cave_pools, nicolae_overflow_hidden_temple
D:6:      layout_loops_ring, zin_purify, nicolae_zen_rock_garden
D:7:      layout_loops_ring, basic_altar, kennysheep_nub, uniq_menkaure
D:8:      layout_basic, uniq_grum, uniq_prince_ribbit1
D:9:      layout_irregular_city, marbit_many_paths, serial_shops, shop_coins,
          the_bakery
D:10:     layout_big_octagon, grunt_lair_entry_orc_guard_hut, basic_altar,
          hangedman_glass_teeth, minivault_13
D:11:     layout_rooms, basic_altar, nrook_guardian_serpent_ordinary,
          uniq_psyche, uniq_sonja
D:12:     layout_rooms, orc_david_3, basic_altar, uniq_fannar, uniq_josephine
D:13:     layout_loops_ring, lightli_vaults_fourway_checkpoint
D:14:     minmay_spiral_squares, layout_loops_ring, einodemon_crawler_minivault,
          uniq_snorg
D:15:     gammafunk_enter_depths_forms, layout_irregular_city, basic_altar
Temple:   nicolae_temple_no_exploring_needed
Lair:1:   layout_cave_pods, basic_altar, infiniplex_staircase_pool, uniq_erica
Lair:2:   layout_concentric_octagons, nicolae_swamp_entry_splash_gauntlet
Lair:3:   layout_cave_pods, spider_nest_entry_funnel_web
Lair:4:   layout_cave_pods, hellmonk_ghost_happy_afterlife, beast_lair_carwin_8,
          grunt_megastairs_1, lemuel_fruit_fields, minmay_lair_oklob_chamber,
          lemuel_fruit_fields
Lair:5:   layout_regular_city, chequers_serial_rivers_micro_b, minivault_19,
          serial_bayou_crossing
Lair:6:   grunt_lair_end_beastmaster, layout_gridlike,
          minmay_slime_entry_jelly_boxes, uniq_rupert
Swamp:1:  layout_basic_swamp, nicolae_swamp_little_tower
Swamp:2:  layout_basic_swamp, evilmike_swamp_ruin_house_6, uniq_aizul
Swamp:3:  layout_basic_swamp, portal_ice_cave_entry_frozen_things,
          evilmike_swamp_ruin_house_2, uniq_nikola
Swamp:4:  swamp_alternative, layout_basic_swamp, swamp_pool3,
          infiniplex_staircase_pool_2
Orc:1:    layout_caves
Orc:2:    grunt_orc_cross, layout_diamond_mine, basic_altar, uniq_urug

Skill      XL: |  1  2  3  4  5  6  7  8  9 10 11 12 13 14 15 16 17 |
---------------+----------------------------------------------------+-----
Invocations    | 1 2 3 4 5 6 7 8 9 10 11 12 | 12.3
Short Blades   | 1 2 3 4 5 6 7 8 9 10 11 | 11.4
Long Blades    | 1 2 3 4 5 6 7 8 9 10 11 | 11.4
Axes           | 1 2 3 4 5 6 7 8 9 10 11 | 11.4
Maces & Flails | 1 2 3 4 5 6 7 8 9 10 11 | 11.4
Polearms       | 1 2 3 4 5 6 7 8 9 10 11 | 11.4
Staves         | 1 2 3 4 5 6 7 8 9 10 11 | 11.4
Slings         | 1 2 3 4 5 6 7 8 9 10 11 | 11.4
Bows           | 1 2 3 4 5 6 7 8 9 10 11 | 11.4
Throwing       | 1 2 3 4 5 6 7 8 9 10 11 | 11.4
Armour         | 1 2 3 4 5 6 7 8 9 10 11 | 11.4
Stealth        | 1 2 3 4 5 6 7 8 9 10 11 | 11.4
Shields        | 1 2 3 4 5 6 7 8 9 10 11 | 11.4
Unarmed Combat | 1 2 3 4 5 6 7 8 9 10 11 | 11.4
Evocations     | 1 2 3 4 5 6 7 8 9 10 11 | 11.4
Spellcasting   | 3 4 5 6 7 8 9 10 11 | 11.7
Conjurations   | 1 2 3 4 5 6 7 8 9 |  9.7
Charms         | 1 2 3 4 5 6 7 8 9 |  9.7
Summonings     | 1 2 3 4 5 6 7 8 9 |  9.7
Necromancy     | 1 2 3 4 5 6 7 8 9 |  9.7
Translocations | 1 2 3 4 5 6 7 8 9 |  9.7
Transmutations | 1 2 3 4 5 6 7 8 9 |  9.7
Fire Magic     | 1 2 3 4 5 6 7 8 9 |  9.7
Ice Magic      | 1 2 3 4 5 6 7 8 9 |  9.7
Air Magic      | 1 2 3 4 5 6 7 8 9 |  9.7
Earth Magic    | 1 2 3 4 5 6 7 8 9 |  9.7
Poison Magic   | 1 2 3 4 5 6 7 8 9 |  9.7
Fighting       | 3 4 5 6 7 8 9 10 11 | 11.7
Crossbows      | 5 6 7 8 9 10 11 12 | 12.2
Dodging        | 5 6 7 8 9 10 11 12 | 12.2
Hexes          | 6 7 8 9 10 11 | 11.1

Action                   |  1- 3 |  4- 6 |  7- 9 | 10-12 | 13-15 | 16-18 || total
-------------------------+-------+-------+-------+-------+-------+-------++-------
Melee: Unarmed           |    15 |       |       |     4 |    23 |       ||    42
       Club              |   100 |       |       |       |       |       ||   100
       Bite              |    12 |    14 |    48 |    99 |   292 |   153 ||   618
       Whip              |    53 |    28 |       |       |       |       ||    81
       Punch             |     1 |     1 |     7 |    29 |   127 |    75 ||   240
       Rapier            |       |    77 |    56 |       |       |       ||   133
       Trident           |       |       |   280 |   394 |       |       ||   674
       Scimitar          |       |       |       |   111 |   912 |   549 ||  1572
       Falchion          |       |       |       |       |    28 |       ||    28
 Fire: Hand crossbow     |     5 |    44 |    95 |   208 |    66 |    36 ||   454
Throw: Boomerang         |       |       |     5 |       |     2 |   239 ||   246
       Javelin           |       |       |     1 |       |       |       ||     1
       Throwing net      |       |       |     1 |       |       |       ||     1
 Cast: Slow              |     3 |    11 |    16 |    47 |    30 |     4 ||   111
       Corona            |     2 |     6 |    12 |     7 |     1 |       ||    28
       Portal Projectile |       |     1 |     4 |     2 |     6 |       ||    13
       Airstrike         |       |       |       |     2 |    34 |    15 ||    51
       Regeneration      |       |       |       |       |       |    19 ||    19
       Shroud of Golubri |       |       |       |       |       |    13 ||    13
       Blink             |       |       |       |       |       |     1 ||     1
       Passage of Golubr |       |       |       |       |       |     1 ||     1
Invok: Slouch            |       |       |       |     2 |     2 |     6 ||    10
       Temporal Distorti |       |       |       |       |     2 |       ||     2
Evoke: Wand              |       |       |     3 |    15 |    17 |    12 ||    47
       Phantom mirror    |       |       |       |       |     1 |       ||     1
       Lightning rod     |       |       |       |       |       |     4 ||     4
  Use: Scroll            |       |     6 |     9 |    12 |    11 |     4 ||    42
       Potion            |       |       |       |     3 |     4 |     2 ||     9
 Stab: Sleeping          |     3 |       |    10 |     9 |    24 |     9 ||    55
       Held in net/web   |       |       |     1 |       |       |       ||     1
       Distracted        |       |       |       |     5 |     2 |     4 ||    11
       Confused          |       |       |       |     6 |       |       ||     6
       Paralysed         |       |       |       |       |     2 |     4 ||     6
  Eat: Chunk             |     4 |     3 |    13 |     8 |    18 |       ||    46
       Ration            |       |     1 |       |     2 |     3 |     4 ||    10
Armor: Robe              |    29 |     3 |       |       |       |       ||    32
       Leather armour    |       |    10 |    67 |   100 |    65 |       ||   242
       Skin              |       |       |       |       |    59 |       ||    59
       Chain mail        |       |       |       |       |   256 |   210 ||   466
Dodge: Dodged            |   115 |   100 |   253 |   432 |   997 |   709 ||  2606
       Rpst.: Scimitar   |       |       |       |    19 |   267 |   147 ||   433
       Falchion          |       |       |       |       |     9 |       ||     9
